 Dungeon Crawl Stone Soup version 0.29-a0-338-g1ff7896281 (webtiles) character file.

Game seed: 2200071798256434843

324 Murumi the Shield-Bearer (level 6, -5/40 HPs)
             Began as a Gargoyle Fighter on Apr 18, 2022.
             Killed from afar by Blork the orc (8 damage)
             ... with a magic dart
             ... on level 4 of the Dungeon.
             The game lasted 00:09:20 (3835 turns).

Murumi the Shield-Bearer (Gargoyle Fighter)         Turns: 3835, Time: 00:09:21

Health: -5/40      AC: 16    Str: 19    XL:     6   Next: 48%
Magic:  6/6        EV:  9    Int:  9    God:
Gold:   106        SH:  5    Dex: 11    Spells: 5/5 levels left

rFire   . . .      SeeInvis .   a - +1 long sword
rCold   . . .      Faith    .   c - +0 buckler
rNeg    + . .      Spirit   .   b - +0 scale mail
rPois   ∞          Reflect  .   l - +0 helmet
rElec   +          Harm     .   o - +1 cloak
rCorr   .          Rampage  .   (no gloves)
Will    .....                   m - +0 pair of boots
Stlth   ..........              (no amulet)
HPRegen 0.13/turn               (no ring)
MPRegen 0.10/turn               (no ring)

@: mighty
A: sickness immunity, AC +4, negative energy resistance 1, electricity
resistance, torment resistance 1, petrification resistance
a: no special abilities


You were on level 4 of the Dungeon.
You visited 1 branch of the dungeon, and saw 4 of its levels.

You collected 106 gold pieces.

Inventory:

Hand Weapons
 a - a +1 long sword (weapon)
Missiles
 k - a throwing net (quivered)
Armour
 b - a +0 scale mail (worn)
 c - a +0 buckler (worn)
 l - a +0 helmet (worn)
 m - a +0 pair of boots (worn)
 o - a +1 cloak (worn)
Jewellery
 n - a ring of ice
Scrolls
 i - 2 scrolls of enchant weapon
Potions
 d - 2 potions of might
 e - a potion of magic
 f - 3 potions of degeneration {unknown}
 g - 2 potions of haste {unknown}
 h - 2 potions of curing {unknown}
 j - 3 potions of brilliance {unknown}


   Skills:
 + Level 4.9 Fighting
 - Level 3.0 Long Blades
 - Level 4.0 Armour
 - Level 1.0 Dodging
 - Level 2.0 Stealth
 - Level 5.0 Shields


You had 5 spell levels left.
You didn't know any spells.
Your spell library contained the following spells:

 Spells                   Type           Power      Damage    Failure   Level
 Animate Skeleton         Necr           0%         N/A       83%         1
 Apportation              Tloc           0%         N/A       83%         1
 Magic Dart               Conj           0%         1d3       83%         1
 Summon Small Mammal      Summ           0%         N/A       83%         1
 Call Imp                 Summ           0%         N/A       92%         2
 Mephitic Cloud           Conj/Pois/Air  0%         N/A       99%         3


Dungeon Overview and Level Annotations

Branches:
Dungeon (4/15)
 Temple: D:4-7

Altars:
Kikubaaqudgha
Zin

Annotations:
D:4 Blork the orc


Innate Abilities, Weirdness & Mutations

You are immune to sickness and miasma.
Your stone body is resilient. (AC +4)
You are immune to poison.
You resist negative energy. (rN+)
You are resistant to electric shocks. (rElec)
You are resistant to unholy torment.
You are immune to petrification.


Message History

You completely miss Blork the orc.
Blork the orc is lightly wounded.
Blork the orc points at you and mumbles some strange words.
The puff of flame hits you.
Blork the orc hits you but does no damage.
You hit Blork the orc.
Blork the orc is moderately wounded.
Blork the orc closely misses you.
Blork the orc hits you but does no damage.
You hit Blork the orc but do no damage.
Blork the orc is moderately wounded.
Blork the orc hits you but does no damage.
Blork the orc screams, "I'll crush all your ribs!
One by one!"
Blork the orc hits you but does no damage.
You hit Blork the orc.
Blork the orc is moderately wounded.
Blork the orc hits you but does no damage.
You closely miss Blork the orc.
Blork the orc is moderately wounded.
Blork the orc closely misses you.
Blork the orc hits you but does no damage.
You barely miss Blork the orc.
Blork the orc is moderately wounded.
You block Blork the orc's attack.
Blork the orc hits you but does no damage.
You hit Blork the orc but do no damage.
Blork the orc is moderately wounded.
Blork the orc hits you with a +0 long sword of protection!
* * * LOW HITPOINT WARNING * * *
You block Blork the orc's attack.
You feel very mighty all of a sudden.
Blork the orc hits you with a +0 long sword of protection.
* * * LOW HITPOINT WARNING * * *
You block Blork the orc's attack.
You barely miss Blork the orc.
Blork the orc is moderately wounded.
Blork the orc hits you but does no damage.
Blork the orc gestures at you while chanting.
The magic dart hits you!
You die...

..##########
#........... .#
##...?......#
...###### #...#......#
#.....#.####.........#
#....##..........#
###..............#
#.##..###......## ##
##@# ####...# #o#
#...## #.# #....# #..
##...# #.. #...# #..#
##..## #... #...# #...
#...# ##..##


You could see Blork the orc (fast).

Vanquished Creatures
  A water moccasin (D:4)
  A bullfrog (D:3)
  Robin (D:2)
  6 adders
  A dart slug (D:1)
  3 orcs (D:3)
  7 bats
  4 endoplasms
  5 giant cockroaches
  16 goblins
  3 hobgoblins
  6 jackals
  5 kobolds
  8 quokkas
  4 ball pythons
  3 frilled lizards
  4 rats
  A spectral hobgoblin (D:1)
79 creatures vanquished.

Vanquished Creatures (others)
  A human (D:3)
1 creature vanquished.

Grand Total: 80 creatures vanquished

Notes
Turn   | Place    | Note
-------+----------+-------------------------------------------
     0 | D:1      | Murumi the Gargoyle Fighter began the quest for the Orb.
     0 | D:1      | Reached XP level 1. HP: 14/14 MP: 1/1
   431 | D:1      | Found a faded altar of an unknown god.
   455 | D:1      | Reached XP level 2. HP: 15/19 MP: 2/2
   469 | D:1      | Reached skill level 4 in Shields
  1251 | D:1      | Reached XP level 3. HP: 24/24 MP: 3/3
  1756 | D:2      | Identified the +1 robe of Tiocom {rC+ SInv}
  1844 | D:2      | Found a glowing silver altar of Zin.
  1920 | D:2      | Noticed Robin
  1934 | D:2      | Killed Robin
  1935 | D:2      | Reached XP level 4. HP: 26/29 MP: 4/4
  1966 | D:2      | Reached skill level 1 in Stealth
  2191 | D:2      | Reached skill level 1 in Dodging
  2800 | D:3      | Reached XP level 5. HP: 30/33 MP: 5/5
  3114 | D:3      | Found an ancient bone altar of Kikubaaqudgha.
  3115 | D:3      | Noticed a human
  3118 | D:3      | Killed a human
  3665 | D:4      | Noticed a water moccasin
  3683 | D:4      | Killed a water moccasin
  3684 | D:4      | Reached skill level 5 in Shields
  3684 | D:4      | Reached XP level 6. HP: 23/40 MP: 6/6
  3814 | D:4      | Noticed Blork the orc
  3835 | D:4      | Killed from afar by Blork the orc

Illustrated notes

Levels and vault maps discovered:
D:1:      lemuel_arrival_lava_pool, layout_loops_corners, serial_glass,
          glass_columns_b, glass_columns_a, glass_columns_b, glass_columns_a,
          glass_columns_c, glass_columns_a, glass_columns_a, glass_columns_a,
          glass_columns_a, glass_columns_a,
          dreamdust_ecumenical_altar_drowned_temple
D:2:      layout_rooms, basic_altar, minmay_tetromino_s2, uniq_robin
D:3:      minmay_skewed_foursquare, layout_loops_cross, tgw_kikubaaqudgha
D:4:      layout_cave_pods, led_sif_pool, minmay_temple_entry_mist,
          gammafunk_ghost_split, uniq_blork_the_orc

Skill      XL: |  1  2  3  4  5 |
---------------+----------------+-----
Long Blades    | 2 3 |  3.0
Shields        | 4 5 |  5.0
Fighting       | 4 |  4.9
Armour         | 4 |  4.0
Stealth        | 2 |  2.0
Dodging        | 1 |  1.0

Action                   |  1- 3 |  4- 6 || total
-------------------------+-------+-------++-------
Melee: Long sword        |   126 |   213 ||   339
  Use: Scroll            |     6 |     2 ||     8
       Potion            |       |     1 ||     1
Armor: Scale mail        |    92 |   131 ||   223
Dodge: Dodged            |    81 |   116 ||   197
Block: Buckler           |    34 |    65 ||    99

Table legend: (Time is in decaauts)
 A = Elapsed time spent in this place.
 B = Non-inter-level travel time spent in this place.
 C = Inter-level travel time spent in this place.
 D = Time resting spent in this place.
 E = Time spent auto-exploring this place.
 F = Levels seen in this place.
 G = Mean time per level.
                   A        B        C        D        E       F      G
               +--------+--------+--------+--------+--------+-----+--------+
         Total |   3959 |   3730 |    229 |     38 |   2904 |   4 |  989.8 |
       Dungeon |   3959 |   3730 |    229 |     38 |   2904 |   4 |  989.8 |
               +--------+--------+--------+--------+--------+-----+--------+

Top non-repeatable levels by time:
     D:1: 1672 daAuts
     D:3: 1223 daAuts
     D:2: 833 daAuts
     D:4: 230 daAuts
